 Dungeon Crawl Stone Soup version 0.32-a0-799-g95e1662365 (webtiles) character file.

Game seed: 14486382195116269400

682 ezpacito the Trooper (level 7, -3/55 HPs)
             Began as a Coglin Chaos Knight on Mar 21, 2024.
             Was a Plaything of Xom.
             Killed by divine providence
             ... invoked by an orc priest
              (11 damage)
             ... on level 4 of the Dungeon.
             The game lasted 00:03:59 (3149 turns).

ezpacito the Trooper (Coglin Chaos Knight)          Turns: 3149, Time: 00:04:00

Health: -3/55      AC: 14    Str: 11 (12) XL:     7   Next: 61%
Magic:  9/9        EV:  5    Int: 11 (12) God:    Xom [.....*]
Gold:   243        SH:  0    Dex: 11 (13) Spells: 9/9 levels left

rFire   . . .        p - +3 broad axe (venom) {Prasit}
rCold   . . .        a - +0 hand axe (chaos) {Xolani}
rNeg    . . .        c - +0 chain mail
rPois   .            j - +0 helmet
rElec   +            e - +0 cloak
rCorr   .            d - +2 pair of gloves
SInv    .            (no boots)
Will    .....        (amulet unavailable) Stlth
                     (ring unavailable)
HPRegen 0.29/turn    (ring unavailable)
MPRegen 0.11/turn    (no gizmo)

%: no passive effects
@: revving
A: off-hand wielding, slow wielding, warmup strikes, no jewellery, electricity
resistance, weak 1
a: Invent Gizmo, Renounce Religion


You were on level 4 of the Dungeon.
You worshipped Xom.
You were Xom's teddy bear.
You visited 1 branch of the dungeon, and saw 4 of its levels.

You collected 243 gold pieces.

Inventory:

Hand Weapons
 a - a +0 hand axe of chaos (offhand) {Xolani}
 p - a +3 broad axe of venom (weapon) {Prasit}
 q - a +0 war axe
Missiles
 m - 4 poisoned darts
 w - 4 boomerangs (quivered)
Armour
 c - a +0 chain mail (worn)
 d - a +2 pair of gloves (worn)
 e - a +0 cloak (worn)
 j - a +0 helmet (worn)
Magical Staves
 l - a staff of conjuration
Scrolls
 f - a scroll of revelation {unknown}
 g - a scroll of enchant armour
 i - a scroll of torment {unknown}
 k - a scroll of blinking {unknown}
 n - 2 scrolls of fog
 o - a scroll of vulnerability {unknown}
 r - a scroll of enchant weapon {unknown}
 s - 2 scrolls of noise {unknown}
 t - 3 scrolls of teleportation
 u - a scroll of silence {unknown}
 v - a scroll of identify {unknown}
Potions
 b - a potion of heal wounds {unknown}


   Skills:
 * Level 4.4 Fighting
 * Level 4.3(4.6) Axes
 + Level 1.9(3.2) Polearms
 * Level 3.3 Armour
 * Level 2.9 Dodging
 + Level 1.8 Stealth
 + Level 1.7 Spellcasting
 + Level 2.4 Evocations


You had 9 spell levels left.
You didn't know any spells.
Your spell library contained the following spells:

 Spells                   Type           Power      Damage    Failure   Level
 Ensorcelled Hibernation  Hex/Ice        0%         N/A       100%        2
 Passwall                 Erth           0%         N/A       100%        3
 Swiftness                Air            0%         N/A       100%        3


Dungeon Overview and Level Annotations

Branches:
Dungeon (4/15)
 Temple: D:4-7

Altars:
Dithmenos
Uskayaw
Zin


Innate Abilities, Weirdness & Mutations

You can wield a second weapon in your off-hand.
It takes a long time for you to wield or remove held weapons.
Your first few attacks do less damage.
You cannot equip rings or amulets.
You are resistant to electric shocks. (rElec)
You are weak. (Str -2)


Message History

It was a potion of degeneration.
There was something very wrong with that liquid.
You feel weakened.
You feel dopey.
You feel clumsy.
Xom complains about the scenery.
The orc barely misses your butterfly. The orc priest barely misses you.
You swap places.
The orc completely misses your butterfly.
The orc priest hits your butterfly with a +0 flail!
Your butterfly dies!
Your butterfly disappears in a puff of smoke!
You swap places.
The orc priest invokes the aid of Beogh against you.
Beogh smites you!
The orc hits your butterfly with a +0 whip.
Your butterfly dies!
Your butterfly disappears in a puff of smoke!
You take 15 damage, and have 21/55 hp.
MASSIVE DAMAGE!!
You swap places.
The orc priest closely misses your butterfly.
You swap places.
The orc priest looks satisfied for a moment.
You swap places.
A kobold comes into view. It is wielding a +0 short sword.
The kobold shouts!
The orc priest hits you but does no damage.
You hit the orc priest with your +0 hand axe of chaos.
You freeze the orc priest.
The orc priest is moderately wounded.
You hit the orc priest with your +3 broad axe of venom.
The orc priest invokes the aid of Beogh against you.
Beogh smites you!
* * * LOW HITPOINT WARNING * * *
You take 15 damage, and have 7/55 hp.
MASSIVE DAMAGE!!
You closely miss the orc priest with your +3 broad axe of venom.
The orc priest is heavily wounded.
You barely miss the orc priest with your +0 hand axe of chaos.
The orc priest invokes the aid of Beogh against you.
Beogh smites you!
You die...
Xom bursts into laughter!

#####.##### #.# ###
#.# #.........#
##.##...## #.#
#.###.###.#
##...<....# #.# #.#
#.# #.# ..........
..# #.# #.###.# ..b
.... ### #.# #.....#
#b#b.. #.#
#####.#####.#.#.# #.#
#...†.......#
#.#######.#####@#.###
#.........# #o#...
########### #o# ###
#o# #o# #.# #o# .K#
...


You could see 3 orc priests, 2 orcs and a kobold.

Vanquished Creatures
  A phantom (D:4)
  5 wights (D:4)
  A bombardier beetle (D:3)
  A gnoll bouda (D:4)
  A hound (D:4)
  An orc priest (D:4)
  Jessica (D:2)
  An orc wizard (D:4)
  An iguana (D:4)
  5 gnolls
  4 adders
  3 dart slugs
  5 orcs (D:4)
  4 ball pythons
  8 endoplasms
  2 giant cockroaches
  6 hobgoblins
  3 quokkas
  5 bats
  3 frilled lizards (D:1)
  5 goblins
  9 kobolds
  2 rats
77 creatures vanquished.

Notes
Turn   | Place    | Note
-------+----------+-------------------------------------------
     0 | D:1      | ezpacito the Coglin Chaos Knight began the quest for the
                  | Orb.
     0 | D:1      | Reached XP level 1. HP: 18/18 MP: 1/1
    29 | D:1      | XOM: smoke on damage
    42 | D:1      | Reached skill level 1 in Dodging
    86 | D:1      | Reached XP level 2. HP: 10/24 MP: 2/2
   244 | D:1      | Reached XP level 3. HP: 29/29 MP: 3/3
   263 | D:1      | XOM: silly message
   463 | D:1      | XOM: silly message
  1011 | D:2      | Noticed Jessica
  1014 | D:2      | XOM: noise
  1015 | D:2      | XOM: butterfly on damage
  1018 | D:2      | XOM: noise
  1230 | D:2      | XOM: noise
  1277 | D:2      | XOM: god gift: scale mail {god gift}
  1421 | D:2      | Killed Jessica
  1422 | D:2      | Reached XP level 4. HP: 35/35 MP: 5/5
  1449 | D:2      | Found a glowing silver altar of Zin.
  1498 | D:2      | XOM: god gift: +3 broad axe of venom
  1688 | D:3      | XOM: scenery: summon butterflies
  1939 | D:3      | Reached skill level 1 in Spellcasting
  1976 | D:3      | Reached skill level 1 in Stealth
  1976 | D:3      | Reached skill level 1 in Evocations
  1976 | D:3      | Reached XP level 5. HP: 42/42 MP: 6/6
  2191 | D:3      | XOM: give mutations
  2191 | D:3      | Gained mutation: You are weak. (Str -2) [Xom's mischief]
  2191 | D:3      | Gained mutation: You are resistant to electric shocks.
                  | (rElec) [Xom's mischief]
  2299 | D:3      | Found a hide-covered altar of Uskayaw.
  2495 | D:4      | Noticed a phantom
  2501 | D:4      | Reached skill level 1 in Polearms
  2506 | D:4      | Killed a phantom
  2507 | D:4      | Reached XP level 6. HP: 19/48 MP: 6/8
  2623 | D:4      | Found a shadowy altar of Dithmenos.
  2662 | D:4      | Reached XP level 7. HP: 33/54 MP: 9/9
  3142 | D:4      | XOM: scenery: summon butterflies
  3149 | D:4      | Killed from afar by an orc priest

Illustrated notes

Levels and vault maps discovered:
D:1:      roderic_octagonal_star, layout_rooms, corexii_item_surrounded_by_moat
D:2:      layout_loops_corners, basic_altar, uniq_jessica
D:3:      layout_loops_ring, lemuel_crystal_altar
D:4:      layout_loops_corners, nicolae_dithmenos_shadow_blocks

Skill      XL: |  1  2  3  4  5  6 |
---------------+-------------------+-----
Dodging        | 1 2 |  2.9
Armour         | 2 3 |  3.3
Spellcasting   | 1 |  1.7
Stealth        | 1 |  1.8
Evocations     | 1 2 |  2.4
Polearms       | 1 |  1.9
Fighting       | 4 |  4.4
Axes           | 4 |  4.3

Action                     |  1- 3 |  4- 6 |  7- 9 || total
---------------------------+-------+-------+-------++-------
  Melee: Hand axe          |    93 |    40 |    26 ||   159
         Dagger            |    29 |       |       ||    29
         Broad axe         |       |    44 |    29 ||    73
    Use: Scroll            |     2 |     3 |       ||     5
         Potion            |     1 |     1 |     5 ||     7
   Stab: Paralysed         |     1 |     1 |       ||     2
 Armour: Leather armour    |    41 |       |       ||    41
         Chain mail        |       |    57 |    21 ||    78
  Dodge: Dodged            |    24 |    14 |    14 ||    52

Table legend: (Time is in decaauts)
 A = Elapsed time spent in this place.
 B = Non-inter-level travel time spent in this place.
 C = Inter-level travel time spent in this place.
 D = Time resting spent in this place.
 E = Time spent auto-exploring this place.
 F = Levels seen in this place.
 G = Mean time per level.
                   A        B        C        D        E       F      G
               +--------+--------+--------+--------+--------+-----+--------+
         Total |   3198 |   3063 |    135 |     96 |   2447 |   4 |  799.5 |
       Dungeon |   3198 |   3063 |    135 |     96 |   2447 |   4 |  799.5 |
               +--------+--------+--------+--------+--------+-----+--------+

Top non-repeatable levels by time:
     D:2: 1030 daAuts
     D:3: 765 daAuts
     D:4: 737 daAuts
     D:1: 665 daAuts
